 Dungeon Crawl Stone Soup version 0.31-a0-221-gbddc013574 (webtiles) character file.

Game seed: 9358178467362259721

224046 juan097 the Bludgeoner (level 18, -1/98 (153) HPs)
             Began as a Formicid Fighter on July 3, 2023.
             Was the Champion of Ru.
             Slain by a grey draconian monk (2 damage)
             ... summoned by old memories
             ... in a wizard's laboratory on July 4, 2023.
             The game lasted 02:14:28 (37795 turns).

juan097 the Bludgeoner (Formicid Fighter)          Turns: 37795, Time: 02:14:28

HP:   -1/98 (153)   AC: 30    Str: 25    XL:     18   Next: 52%
MP:   5/24          EV:  8    Int: 10    God:    Ru [******]
Gold: 471           SH: 15    Dex: 15    Spells: 23/25 levels left

rFire   + . .        a - +9 great mace (heavy)
rCold   + . .        N - +0 kite shield {reflect}
rNeg    . . .        Q - +4 chain mail {rF+}
rPois   +            (helmet unavailable)
rElec   .            y - +0 cloak
rCorr   .            r - +2 pair of gloves {Stlth+}
SInv    +            Y - +2 pair of boots
Will    ++...        B - amulet of Cowardice {rPois Will+ Regen+}
Stlth   ++           M - ring of protection from cold
HPRegen 1.16/turn    G - +4 ring of protection
MPRegen 0.19/turn

%: reflection
@: mighty, exhausted, horrified, very heavily drained, unable to read
A: permanent stasis, dig shafts and tunnels, antennae 3, inability to read after
injury 2, cowardly, inability to train dodging, no hexes magic, no ice magic, no
necromancy magic, disrupted magic 1, inexperienced 1, four strong arms, hooves 1
}: 2/15 runes: decaying, serpentine
a: Dig, Renounce Religion, Draw Out Power, Power Leap, Apocalypse


You were in a wizard's laboratory.
You worshipped Ru.
Ru was exalted by your worship.
You visited 7 branches of the dungeon, and saw 32 of its levels.
You visited 1 bazaar.
You also visited: Ice Cave and Wizlab.

You collected 3475 gold pieces.
You spent 3004 gold pieces at shops.

Inventory:

Hand Weapons
 a - a +9 heavy great mace (weapon)
 b - the +5 shortbow of the Dove {flame, rPois rC+}
   (You found it on level 1 of the Snake Pit)

   rC:        It protects you from cold.
   rPois:     It protects you from poison.
 U - the +2 flail of Makhleb's Generosity {drain, rF- rN+ Will+}
   (You found it on level 14 of the Dungeon)

   rF:        It makes you vulnerable to fire.
   rN:        It protects you from negative energy.
   Will:      It increases your willpower.
Missiles
 i - 6 datura-tipped darts
 p - 29 javelins
 w - 13 boomerangs (quivered)
 F - 13 curare-tipped darts
 P - a throwing net
Armour
 r - a +2 pair of gloves of stealth (worn)
 y - a +0 cloak (worn)
 N - a +0 kite shield of reflection (worn)
 Q - a +4 chain mail of fire resistance (worn)
 Y - a +2 pair of boots (worn)
Jewellery
 m - a ring of protection from fire
 q - a ring of flight
 A - a ring of resist corrosion
 B - the amulet of Cowardice (around neck) {rPois Will+ Regen+}
   (You acquired it on level 8 of the Dungeon)

   [amulet of regeneration]

   rPois:     It protects you from poison.
   Regen:     It increases your rate of health regeneration.
   Will:      It increases your willpower.
 G - a +4 ring of protection (right hand)
 M - a ring of protection from cold (left hand)
 X - the ring "Ateiz" {+Blink rN+ Dex+6 Stlth+}
   (You found it on level 2 of the Lair of Beasts)

   [ring of positive energy]

   Dex:       It affects your dexterity (+6).
   rN:        It protects you from negative energy.
   +Blink:    It lets you blink.
   Stlth:     It makes you more stealthy.
Wands
 g - a wand of iceblast (11)
 E - a wand of quicksilver (14)
 S - a wand of paralysis (19)
 T - a wand of mindburst (31)
Scrolls
 j - 8 scrolls of vulnerability
 k - 5 scrolls of fear
 s - 6 scrolls of fog
 t - 3 scrolls of enchant armour
 v - a scroll of poison
 C - 3 scrolls of torment
 D - 7 scrolls of immolation
 J - a scroll of silence
 L - 5 scrolls of enchant weapon
Potions
 c - 8 potions of heal wounds
 d - 2 potions of might
 e - 5 potions of attraction
 n - 2 potions of magic
 u - a potion of invisibility
 x - 9 potions of ambrosia
 z - 2 potions of enlightenment
 O - 9 potions of curing
 R - 2 potions of lignification
 V - 4 potions of cancellation
 W - a potion of resistance
Miscellaneous
 I - a lightning rod (4/4)


   Skills:
 + Level 16.4 Fighting
 - Level 20.0 Maces & Flails
 - Level 4.0 Ranged Weapons
 + Level 6.3 Throwing
 + Level 14.4 Armour
 - Level 8.0 Stealth
 - Level 18.0 Shields
 - Level 4.0 Spellcasting
 - Level 8.0 Transmutations
 + Level 10.7 Evocations


You had 23 spell levels left.
You knew the following spells:

 Your Spells              Type           Power      Damage    Failure   Level
a - Wereblood             Tmut           13%        N/A       10%         2

Your spell library contained the following spells:

 Spells                   Type           Power      Damage    Failure   Level
 Magic Dart               Conj           4%         1d3       82%         1
 Ignite Poison            Fire/Tmut/Pois 5%         N/A       82%         3
 Blade Hands              Tmut           6%         N/A       82%         5
 Call Imp                 Summ           2%         N/A       90%         2
 Lesser Beckoning         Tloc           2%         N/A       90%         2
 Momentum Strike          Conj/Tloc      2%         3d8       90%         2
 Scorch                   Fire           2%         2d5       90%         2
 Static Discharge         Conj/Air       2%         2-3/arc   90%         2
 Petrify                  Tmut/Erth      7%         N/A       95%         4
 Gell's Gravitas          Tloc           1%         N/A       99%         3
 Mephitic Cloud           Conj/Pois/Air  1%         N/A       99%         3
 Teleport Other           Tloc           1%         N/A       99%         3
 Airstrike                Air            0%         2d(1-17)  100%        4
 Animate Armour           Summ/Erth      2%         N/A       100%        4
 Flame Wave               Conj/Fire      1%         2d4       100%        4
 Olgreb's Toxic Radiance  Pois           1%         N/A       100%        4
 Sticky Flame             Conj/Fire      1%         2d3       100%        4
 Summon Lightning Spire   Summ/Air       1%         N/A       100%        4
 Arcjolt                  Conj/Air       0%         1d10      100%        5
 Irradiate                Conj/Tmut      3%         3d12      100%        5
 Summon Cactus Giant      Summ           0%         N/A       100%        6
 Summon Hydra             Summ           0%         N/A       100%        7
 Ignition                 Fire           0%         3d3       100%        8
 Maxwell's Capacitive Co  Air            0%         ∞         100%        8
 Chain Lightning          Conj/Air       0%         2d1       100%        9
 Fire Storm               Conj/Fire      0%         6d1       100%        9
 Shatter                  Erth           0%         3d5*      100%        9
 Necrotise                Necr           Unusable   1d4       N/A         1
 Blink                    Tloc           Unusable   N/A       N/A         2
 Cigotuvi's Dreadful Rot  Necr/Pois/Air  Unusable   N/A       N/A         2
 Sublimation of Blood     Necr           Unusable   N/A       N/A         2
 Ice Form                 Ice/Tmut       Unusable   N/A       N/A         4
 Frozen Ramparts          Ice            Unusable   1d1       N/A         3
 Hailstorm                Conj/Ice       Unusable   3d3       N/A         3
 Vampiric Draining        Necr           Unusable   2d6       N/A         3
 Vhi's Electric Charge    Tloc/Air       Unusable   N/A       N/A         3
 Dispel Undead            Necr           Unusable   3d6       N/A         4
 Summon Ice Beast         Ice/Summ       Unusable   N/A       N/A         4
 Agony                    Necr           Unusable   N/A       N/A         5
 Death Channel            Necr           Unusable   N/A       N/A         6
 Simulacrum               Ice/Necr       Unusable   N/A       N/A         6
 Discord                  Hex            Unusable   N/A       N/A         8

Dungeon Overview and Level Annotations

Branches:
Dungeon (15/15)            Temple (1/1) D:5            Lair (5/5) D:10
  Swamp (4/4) Lair:2        Snake (4/4) Lair:3        Slime (0/5) Lair:5
    Orc (2/2) D:11            Elf (0/3) Orc:2        Vaults (1/5) D:14
 Depths (0/4) D:15          IceCv (visited)          WizLab (1/1)

Altars:
Ashenzari
Cheibriados
Dithmenos
Elyvilon
Fedhas
Gozag
Hepliaklqana
Kikubaaqudgha
Makhleb
Nemelex Xobeh
Okawaru
Qazlal
Ru
Sif Muna
Trog
Uskayaw
Vehumet
Wu Jian
Xom
Yredelemnul
Zin
The Shining One
Jiyva

Shops:
D:4 =   D:8 *[?[   D:9 ?   D:15 (:(?   Orc:2 ***[   Snake:3 [

Annotations:
D:7 exclusion: ice statue
D:12 2 transporters
Lair:5 1 runed translucent door, Rupert
Swamp:2 1 runed translucent door, Iryalus's ghost, adept MfBe


Innate Abilities, Weirdness & Mutations

You cannot be hasted, slowed, berserked, paralysed or teleported.
You can dig through walls and to a lower floor.
You have a pair of large antennae on your head. (SInv)
You sometimes lose the ability to read scrolls when taking damage.
Your cowardice makes you less effective in combat with threatening foes.
You cannot train Dodging skill.
You cannot study or cast Hexes magic.
You cannot study or cast Ice magic.
You cannot study or cast Necromancy magic.
Your casting is slightly disrupted.
You are somewhat inexperienced. (-1 XL)
Your four strong arms can wield two-handed weapons with a shield.
You have large cloven feet.


Message History

You block the grey draconian monk's attack.
The grey draconian monk is no longer blind.
The grey draconian monk attacks as you move away!
The grey draconian monk hits you.
You block the grey draconian monk's attack. x2
The grey draconian monk tail-slaps you but does no damage.
The demonspawn attacks as you move away!
The demonspawn hits you!
You feel threatened and lose the ability to read scrolls!
* * * LOW HITPOINT WARNING * * *
You block the demonspawn's attack. x2
The grey draconian monk attacks as you move away!
You block the grey draconian monk's attack.
The grey draconian monk kicks you but does no damage.
The grey draconian monk tail-slaps you but does no damage.
The grey draconian monk completely misses you.
The grey draconian monk attacks as you move away!
The grey draconian monk hits you but does no damage.
The grey draconian monk kicks you.
* * * LOW HITPOINT WARNING * * *
The grey draconian monk barely misses you.
The grey draconian monk tail-slaps you.
* * * LOW HITPOINT WARNING * * *
The demonspawn attacks as you move away!
The demonspawn hits you but does no damage.
The demonspawn closely misses you.
The demonspawn gores you but does no damage.
The grey draconian monk attacks as you move away!
The grey draconian monk is stunned by your conviction and fails to attack.
You can read scrolls again.
Activating: Apocalypse
Press: ? - help, Dir - look around, f - activate You reveal the great annihilating truth to your foes!
The demonspawn is paralysed by terrible understanding!
You feel drained. The grey draconian monk hits you!!
You feel threatened and lose the ability to read scrolls!
* * * LOW HITPOINT WARNING * * *
You block the grey draconian monk's attack.
The grey draconian monk tail-slaps you.
You die...

##++####'#################
#. #.. #.....# #.
....#.....# #. ....##.6.##
###+++### ## .....##T##
####.......#### #
.........###.............##♣
.........♣#....8.....8....#.
.........##.q.............##
..#+#.....#@8.....[.....8.'.
. ##...##.6.............##
##...#.q..8.....8....#.
##....##....##+##....##.
##......##..## ##..##..
...........#### ####...
..............## ##......
♣♣.............#####.......
♣.♣.♣♣♣..♣♣..........♣.♣♣♣


You could see 2 draconians and a demonspawn (summoned, paralysed).

Vanquished Creatures
  Mara (Swamp:4)
  Bai Suzhen (Swamp:4)
  A sphinx (Vaults:1)
  Kirke (Snake:4)
  The ghost of MrSquiggles the Spear-Bearer, an adept HuWn of the Shining One (Snake:1)
  Donald (Swamp:4)
  5 fenstrider witches
  4 nagarajas
  Aizul (Swamp:3)
  A caustic shrike zombie (D:15)
  An ironbound preserver (Vaults:1)
  An ironbound thunderhulk (Vaults:1)
  2 eleionomae (Swamp:2)
  An orange crystal statue (WizLab)
  7 bunyips
  A fire dragon (D:12)
  A shambling mangrove (Swamp:4)
  2 vault guards
  21 hydras
  2 salamander tyrants (Snake:4)
  A spriggan skeleton (D:15)
  2 boulder beetles
  3 centaur warriors
  A ghost crab (Swamp:4)
  11 anacondas
  2 catoblepae
  5 death yaks (Lair:3)
  6 alligators
  7 naga warriors
  5 two-headed ogres
  A tengu warrior (D:14)
  4 orc high priests (Orc:2)
  Urug (D:12)
  5 shock serpents
  6 naga sharpshooters
  A skeletal warrior (D:15)
  2 skysharks
  5 salamander mystics
  A goliath frog (Swamp:1)
  A bog body (Swamp:2)
  9 spriggan druids
  5 deep trolls (Vaults:1)
  6 naga ritualists
  11 swamp dragons
  3 lindwurms (Snake:4)
  A tengu zombie (D:15)
  A wizard (D:14)
  A flayed ghost (D:15)
  4 deep elf pyromancers
  9 mana vipers
  2 orc sorcerers (Orc:2)
  3 orc knights
  2 necromancers
  15 ugly things
  5 will-o-the-wisps
  9 cyclopes
  19 salamanders
  3 elephants (Lair:1)
  A black mamba (shapeshifter) (D:12)
  6 manticores
  6 guardian serpents (Snake:4)
  A torpor snail (Lair:5)
  25 black mambas
  3 ice statues (IceCv)
  A vault sentinel (Vaults:1)
  2 gargoyles (D:12)
  9 cane toads
  17 naga magi
  10 komodo dragons
  A yaktaur (D:12)
  7 rime drakes
  A freezing wraith (D:11)
  A guardian mummy (D:15)
  3 tengu conjurers
  4 polar bears (Lair:2)
  A queen bee (D:9)
  8 tyrant leeches
  A bloated husk (Swamp:2)
  10 trolls
  3 meliai (D:14)
  15 hornets
  4 blink frogs
  5 dream sheep (Lair:5)
  Sigmund (D:3)
  11 slime creatures
  A jumping spider (shapeshifter) (D:14)
  3 shadows
  8 wyverns
  59 yaks
  A vampire (D:11)
  2 wraiths
  20 spriggans
  A dire elephant simulacrum (IceCv)
  8 basilisks
  Eustachio (D:4)
  26 humans
  18 vampire mosquitoes
  3 hogs (Snake:4)
  2 steam dragons
  Edmund (D:9)
  32 nagas
  5 wargs
  A harpy simulacrum (IceCv)
  An acid dragon (D:11)
  A glowing shapeshifter zombie (D:15)
  18 swamp worms
  16 water moccasins
  Duvessa (D:7)
  6 swamp drakes (Swamp:4)
  20 orc warriors
  2 ice beasts (D:6)
  A black bear (D:5)
  A boggart (D:13)
  10 centaurs
  8 ogres
  14 wolves
  2 phantoms
  4 kobold brigands
  14 bullfrogs
  A cane toad simulacrum (IceCv)
  2 scorpions
  4 wights
  Dowan (D:7)
  2 elephant simulacra (IceCv)
  34 killer bees
  6 howler monkeys
  5 electric eels
  2 jellies (D:6)
  3 hounds
  28 orc priests
  2 sleepcaps
  Jessica (D:2)
  5 iguanas
  30 orc wizards
  A wolf simulacrum (IceCv)
  Robin (D:2)
  14 gnolls
  7 adders
  A shadow imp (D:5)
  A white imp (D:7)
  3 dart slugs
  54 orcs
  5 endoplasms
  4 giant cockroaches
  13 goblins
  10 hobgoblins
  11 jackals
  20 kobolds
  4 quokkas
  9 ball pythons
  3 frilled lizards
  3 rats
992 creatures vanquished.

Vanquished Creatures (others)
  A vault warden (Vaults:1)
  Snorg (D:12)
  A hydra (Swamp:2)
  A naga warrior (Snake:4)
  A death yak (Lair:3)
  An ugly thing (IceCv)
  2 cane toads
  A polar bear (Lair:2)
  2 trolls
  A yak (Lair:5)
  5 humans
  A swamp worm (Swamp:1)
  2 nagas (Snake:4)
  A swamp drake (Swamp:4)
  A bullfrog (Lair:4)
  An orc priest (Orc:2)
  2 orcs
  25 foxfires
50 creatures vanquished.

Grand Total: 1042 creatures vanquished

Notes
Turn   | Place    | Note
-------+----------+-------------------------------------------
     0 | D:1      | juan097 the Formicid Fighter began the quest for the Orb.
     0 | D:1      | Reached XP level 1. HP: 18/18 MP: 1/1
   115 | D:1      | Reached XP level 2. HP: 24/24 MP: 2/2
   450 | D:1      | Reached skill level 1 in Stealth
   615 | D:1      | Reached XP level 3. HP: 28/29 MP: 3/3
   833 | D:2      | Noticed Jessica
   838 | D:2      | Killed Jessica
   839 | D:2      | Reached skill level 3 in Maces & Flails
   839 | D:2      | Reached XP level 4. HP: 36/37 MP: 4/4
  1502 | D:3      | Found a radiant altar of Vehumet.
  1546 | D:2      | Reached XP level 5. HP: 42/42 MP: 5/5
  1649 | D:3      | Noticed Robin
  1669 | D:2      | Killed Robin
  1798 | D:3      | Noticed Sigmund
  1837 | D:3      | Killed Sigmund
  1838 | D:3      | Reached skill level 4 in Maces & Flails
  1838 | D:3      | Reached skill level 5 in Shields
  1838 | D:3      | Reached XP level 6. HP: 19/49 MP: 6/6
  2072 | D:3      | Found a hide-covered altar of Uskayaw.
  2153 | D:4      | Found Opeq Oco's Jewellery Shoppe.
  2392 | D:4      | Found a bloodstained altar of Trog.
  2626 | D:4      | Found an ancient bone altar of Kikubaaqudgha.
  2661 | D:4      | Reached XP level 7. HP: 55/55 MP: 7/7
  2692 | D:4      | Noticed Eustachio
  2718 | D:4      | Killed Eustachio
  2719 | D:4      | Reached skill level 5 in Maces & Flails
  2719 | D:4      | Reached skill level 1 in Throwing
  2773 | D:4      | Learned a level 2 spell: Wereblood
  2994 | D:4      | Reached skill level 5 in Fighting
  3143 | D:4      | Reached XP level 8. HP: 57/62 MP: 8/8
  3300 | D:5      | Entered Level 5 of the Dungeon
  3513 | D:5      | Found a broken altar of Ashenzari.
  3530 | D:5      | Reached skill level 6 in Maces & Flails
  4132 | D:5      | Found a staircase to the Ecumenical Temple.
  4138 | Temple   | Entered the Ecumenical Temple
  4422 | Temple   | Became a worshipper of Ru the Awakened
  4452 | D:5      | Reached skill level 7 in Maces & Flails
  4540 | D:6      | Reached skill level 8 in Maces & Flails
  4540 | D:6      | Reached XP level 9. HP: 60/69 MP: 9/9
  4767 | D:6      | Reached skill level 1 in Dodging
  4767 | D:6      | Reached skill level 1 in Evocations
  5089 | D:6      | You fall into a shaft and drop 2 floors!
  5193 | D:8      | Found Jaatu's Assorted Antiques.
  5240 | D:8      | Bought a metallic black potion for 18 gold pieces
  5240 | D:8      | Bought a scroll labelled COMOCS AZYSM for 21 gold pieces
  5275 | D:8      | Found Ixivaaf's Magic Scroll Emporium.
  5296 | D:8      | Bought a scroll of identify for 28 gold pieces
  5296 | D:8      | Bought a scroll of noise for 14 gold pieces
  5296 | D:8      | Bought a scroll of identify for 28 gold pieces
  5296 | D:8      | Bought a scroll of silence for 133 gold pieces
  5296 | D:8      | Bought a scroll of immolation for 56 gold pieces
  5802 | D:7      | Gained mutation: You are somewhat inexperienced. (-1 XL)
                  | [Ru sacrifice]
  5802 | D:7      | Reached XP level 8. HP: 65/65 MP: 8/8
  5802 | D:7      | Reached * piety under Ru
  5812 | D:6      | Found a glowing silver altar of Zin.
  6058 | D:6      | Reached skill level 5 in Armour
  6142 | D:6      | Reached XP level 9. HP: 59/72 MP: 9/9
  6482 | D:7      | Noticed Duvessa
  6498 | D:7      | Killed Duvessa
  6520 | D:7      | Noticed Dowan
  6661 | D:6      | Reached skill level 9 in Maces & Flails
  6719 | D:7      | Killed Dowan
  6850 | D:7      | Noticed an ice statue
  6976 | D:8      | Found Qyasoamm's Armour Shoppe.
  7010 | D:8      | Found Siploano's Armour Boutique.
  7219 | D:8      | Found a sparkling altar of Nemelex Xobeh.
  7946 | D:9      | Noticed a two-headed ogre
  8163 | D:9      | Reached skill level 1 in Ranged Weapons
  8207 | D:9      | Reached skill level 10 in Maces & Flails
  8432 | D:9      | Found The Oracle's Delphic Readings.
  8436 | D:9      | Bought a scroll of identify for 20 gold pieces
  8436 | D:9      | Bought a scroll of identify for 20 gold pieces
  8436 | D:9      | Bought a scroll of vulnerability for 40 gold pieces
  8445 | D:9      | Gained mutation: You cannot train Dodging skill. [Ru
                  | sacrifice]
  8445 | D:9      | Reached ** piety under Ru
  8445 | D:9      | Reached *** piety under Ru
  8584 | D:9      | Noticed Edmund
  8667 | D:9      | Killed Edmund
  8789 | D:9      | Reached XP level 10. HP: 80/80 MP: 10/10
  8888 | D:9      | Killed a two-headed ogre
  8889 | D:9      | Reached skill level 11 in Maces & Flails
  9074 | D:9      | Reached skill level 12 in Maces & Flails
  9918 | D:10     | Entered Level 10 of the Dungeon
  9942 | D:10     | Found an iron altar of Okawaru.
  9979 | D:10     | Reached skill level 13 in Maces & Flails
 10271 | D:10     | Noticed a two-headed ogre
 10283 | D:10     | Killed a two-headed ogre
 10431 | D:10     | Found a snail-covered altar of Cheibriados.
 10639 | D:10     | Found a staircase to the Lair.
 10874 | Lair:1   | Entered Level 1 of the Lair of Beasts
 10975 | Lair:1   | Reached skill level 14 in Maces & Flails
 10975 | Lair:1   | Reached XP level 11. HP: 86/86 MP: 11/11
 11133 | Lair:1   | Noticed a catoblepas
 11174 | Lair:1   | Killed a catoblepas
 11175 | Lair:1   | Reached skill level 1 in Transmutations
 11300 | Lair:1   | Gained mutation: You cannot study or cast Ice magic. [Ru
                  | sacrifice]
 11300 | Lair:1   | Gained mutation: You cannot study or cast Hexes magic. [Ru
                  | sacrifice]
 11300 | Lair:1   | Gained mutation: You cannot study or cast Necromancy magic.
                  | [Ru sacrifice]
 11300 | Lair:1   | Reached **** piety under Ru
 11368 | Lair:1   | Reached skill level 5 in Evocations
 11972 | Lair:1   | Reached skill level 10 in Fighting
 12316 | Lair:2   | Noticed a skyshark
 12329 | Lair:2   | Killed a skyshark
 12563 | Lair:2   | Noticed an eight-headed hydra
 12570 | Lair:2   | Killed an eight-headed hydra
 12805 | Lair:2   | Reached XP level 12. HP: 99/99 MP: 12/12
 12955 | Lair:2   | Identified the ring "Ateiz" {+Blink rN+ Dex+6 Stlth+}
 13506 | Lair:2   | Found a staircase to the Swamp.
 13529 | Lair:2   | Noticed a five-headed hydra
 13539 | Lair:2   | Killed a five-headed hydra
 14322 | Lair:3   | Gained mutation: Your casting is slightly disrupted. [Ru
                  | sacrifice]
 14519 | Lair:2   | Reached skill level 1 in Spellcasting
 14961 | Lair:3   | Found a staircase to the Snake Pit.
 15226 | Lair:3   | Reached skill level 5 in Transmutations
 15574 | Lair:4   | Noticed a four-headed hydra
 15590 | Lair:4   | Killed a four-headed hydra
 16296 | Lair:4   | Reached XP level 13. HP: 113/113 MP: 16/16
 16907 | Lair:5   | Entered Level 5 of the Lair of Beasts
 16947 | Lair:5   | Reached skill level 10 in Shields
 17425 | Lair:5   | Found a runed translucent door.
 17426 | Lair:5   | Found a viscous altar of Jiyva.
 17427 | Lair:5   | Found a staircase to the Slime Pits.
 17526 | Lair:5   | Reached skill level 5 in Stealth
 18117 | Lair:5   | Noticed Rupert
 18530 | D:11     | Found a staircase to the Orcish Mines.
 18593 | D:11     | Gained mutation: Your cowardice makes you less effective in
                  | combat with threatening foes. [Ru sacrifice]
 18593 | D:11     | Reached ***** piety under Ru
 19138 | Orc:1    | Entered Level 1 of the Orcish Mines
 19410 | Orc:1    | Found a frozen archway.
 19459 | IceCv    | Entered an ice cave
 20970 | Orc:2    | Entered Level 2 of the Orcish Mines
 21189 | Orc:2    | Gained mutation: You occasionally lose the ability to read
                  | scrolls when taking damage. [Ru sacrifice]
 21189 | Orc:2    | Gained mutation: You sometimes lose the ability to read
                  | scrolls when taking damage. [Ru sacrifice]
 21189 | Orc:2    | Reached ****** piety under Ru
 21496 | Orc:2    | Found a staircase to the Elven Halls.
 21545 | Orc:2    | Reached XP level 14. HP: 95/114 MP: 17/17
 21667 | Orc:2    | Reached skill level 5 in Throwing
 22027 | Orc:2    | Gained mutation: You have large cloven feet. [a neqoxec]
 22296 | Orc:2    | Found Redurror's Assorted Antiques.
 22296 | Orc:2    | Found Cepica Nooru's Antique Armour Emporium.
 22297 | Orc:2    | Found Fuoscheh's General Store.
 22300 | Orc:2    | Found Qezel's Assorted Antiques.
 22328 | Orc:2    | Bought a scroll labelled RAINKAIKUGG for 24 gold pieces
 22567 | Orc:2    | Bought a +1 pair of gloves of stealth for 231 gold pieces
 22567 | Orc:2    | Bought a scroll of enchant weapon for 105 gold pieces
 22586 | Orc:2    | Bought a dented diamond amulet for 135 gold pieces
 22738 | D:8      | Bought a scroll of acquirement for 728 gold pieces
 22740 | D:8      | Acquired a manual of Maces & Flails
 22742 | D:8      | Acquired the amulet of Cowardice {rPois Will+ Regen+}
 22947 | Orc:2    | Bought a glowing chain mail for 262 gold pieces
 22959 | Orc:2    | Bought a shiny chain mail for 262 gold pieces
 23390 | D:12     | Found a transporter.
 23482 | D:12     | Found a transporter.
 23498 | D:12     | Found a transporter.
 23573 | D:12     | Noticed Urug
 23595 | D:12     | Killed Urug
 23596 | D:12     | Reached skill level 10 in Evocations
 23671 | D:12     | Found a transporter.
 23683 | D:12     | Noticed Snorg
 23697 | D:12     | Killed Snorg
 26015 | D:14     | Reached XP level 15. HP: 126/126 MP: 21/21
 26033 | D:14     | Identified the +2 flail of Makhleb's Generosity {drain, rF-
                  | rN+ Will+}
 26094 | D:14     | Found a gate to the Vaults.
 26126 | D:14     | Reached skill level 10 in Armour
 26670 | D:15     | Entered Level 15 of the Dungeon
 26709 | D:15     | Found Kekef's Antique Weapon Emporium.
 26783 | D:15     | Found Veucenos's Book Shop.
 26880 | D:15     | Found Edghuh's Weapon Boutique.
 27094 | D:15     | Reached skill level 15 in Maces & Flails
 27115 | D:15     | Found a staircase to the Depths.
 27209 | D:15     | Found a white marble altar of Elyvilon.
 27394 | D:15     | Found Sifaakeu's Magic Scroll Shop.
 28207 | Swamp:1  | Entered Level 1 of the Swamp
 28913 | Swamp:2  | Noticed a fenstrider witch
 28935 | Swamp:2  | Killed a fenstrider witch
 29006 | Swamp:2  | Reached skill level 15 in Shields
 29093 | Swamp:2  | Reached skill level 16 in Maces & Flails
 29150 | Swamp:2  | Noticed a fenstrider witch
 29162 | Swamp:2  | Reached XP level 16. HP: 101/118 MP: 13/22
 29426 | Swamp:2  | Found a runed translucent door.
 29430 | Swamp:2  | Identified the +6 trident "Killer Bee's Bane" {heavy, rN+}
 29434 | Swamp:2  | Noticed Iryalus's ghost (adept MfBe)
 29523 | Swamp:2  | Upgraded the game from 0.31-a0-219-g8d62b2e7bb to
                  | 0.31-a0-221-gbddc013574
 29544 | Swamp:3  | Noticed Aizul
 29557 | Swamp:3  | Reached skill level 17 in Maces & Flails
 29566 | Swamp:3  | Killed Aizul
 30088 | Swamp:3  | Reached skill level 18 in Maces & Flails
 30237 | Swamp:4  | Entered Level 4 of the Swamp
 30377 | Swamp:4  | Noticed Bai Suzhen
 30477 | Snake:1  | Entered Level 1 of the Snake Pit
 30771 | Snake:1  | Reached skill level 19 in Maces & Flails
 31305 | Snake:1  | Found a runed translucent door.
 31305 | Snake:1  | Noticed MrSquiggles's ghost (adept HuWn)
 31854 | Snake:2  | Identified the +1 cloak of Dyspraxia {Harm rPois Str+2
                  | Dex-3}
 33059 | Snake:3  | Reached skill level 20 in Maces & Flails
 33304 | Snake:3  | Found Jopics's Antique Armour Emporium.
 33655 | Snake:1  | Killed MrSquiggles's ghost
 33656 | Snake:1  | Reached XP level 17. HP: 133/135 MP: 23/23
 33657 | Snake:1  | Identified the +5 shortbow of the Dove {flame, rPois rC+}
 33749 | Snake:4  | Entered Level 4 of the Snake Pit
 34335 | Snake:4  | Noticed Kirke
 34341 | Snake:4  | Killed Kirke
 34429 | Snake:4  | Found a broken altar of Ashenzari.
 34696 | Snake:4  | Reached skill level 15 in Fighting
 35183 | Snake:4  | Got a serpentine rune of Zot
 35568 | Swamp:4  | Noticed Mara
 35584 | Swamp:4  | Killed Mara
 35706 | Swamp:4  | Reached XP level 18. HP: 140/144 MP: 22/24
 35768 | Swamp:4  | Got a decaying rune of Zot
 35934 | Swamp:4  | Killed Bai Suzhen
 36375 | Swamp:4  | Noticed Donald
 36386 | Swamp:4  | Killed Donald
 36829 | Vaults:1 | Entered Level 1 of the Vaults
 37075 | Vaults:1 | Found a gateway to a bazaar.
 37090 | Bazaar   | Entered a bazaar
 37124 | Bazaar   | Found Irghaege's Book Boutique.
 37150 | Bazaar   | Found Vevvuh's Assorted Antiques.
 37159 | Bazaar   | Found Guchisoi's Assorted Antiques.
 37227 | Bazaar   | Found Bastryete's Antique Weapon Emporium.
 37281 | Bazaar   | Bought a smoking chain mail for 266 gold pieces
 37281 | Bazaar   | Identified the +3 chain mail of Marbles {Will+ Slay+3} (You
                  | bought it in a shop in a bazaar)
 37290 | Bazaar   | Bought a potion of heal wounds for 155 gold pieces
 37290 | Bazaar   | Bought a potion of cancellation for 248 gold pieces
 37299 | Bazaar   | Bought a scroll of enchant weapon for 210 gold pieces
 37383 | Vaults:1 | Found a magical portal.
 37404 | WizLab   | Entered Wucad Mu's Monastery
 37777 | WizLab   | Found the crystal ball of Wucad Mu {*channel}
 37795 | WizLab   | HP: 1/98 [grey draconian monk[old memories] (22)]
 37795 | WizLab   | Slain by a grey draconian monk

Illustrated notes

Levels and vault maps discovered:
D:1:      matt_arrival_spirals, layout_basic, nicolae_figureground_pulse
D:2:      layout_loops_ring, serial_glass, glass_columns_b, glass_columns_a,
          item_on_display_a, uniq_jessica
D:3:      layout_rooms, vehumet_altar_wand_db, nicolae_overflow_hidden_temple,
          uniq_sigmund, uniq_robin
D:4:      minmay_chambers_of_twos, layout_gridville, general_overflow_altar,
          trog_butcher_becter, serial_shops, shop, uniq_eustachio
D:5:      layout_basic, cheibrodos_ashenzari_chains, minmay_temple_entry_hall
D:6:      layout_basic, amcnicky_altar_gilded, serial_bayou_pond_b
D:7:      lemuel_ice_statue, layout_rooms, uniq_duvessa
D:8:      layout_cave_pods, nemelex_xobeh_ov_fountains_minmay, serial_shops,
          nicolae_square_shop, nicolae_shop_hallway_stairs,
          nicolae_shop_crystal, shop, grunt_ogre_cave, minivault_5,
          minmay_misc_feat_plants
D:9:      erik_cavepeople, layout_layer_cave, special_room [special_room_bee],
          nrook_mini_backslash, nicolae_nh_oracle_at_delphi
D:10:     layout_long_grid, lemuel_crystal_altar, okawaru_gym_becter,
          david_lair_shrubbed, serial_bayou, serial_bayou_lagoon_b,
          serial_bayou_pond_c, serial_bayou_ford_a, serial_bayou_pond_c
D:11:     layout_basic, orc_0_dummy, kennysheep_dice
D:12:     layout_roguey, minivault_20, corexii_corridor_pit,
          nicolae_transporter_intersection, uniq_snorg, uniq_urug
D:13:     minmay_stepped, layout_layer_cave,
          nicolae_concentric_dashed_squares_wild
D:14:     layout_basic, grunt_vaults_entry_tiered, chequers_mini_garden
D:15:     gammafunk_depths_entry_grave, layout_rooms, serial_co_window_serial,
          co_window_paths_a, co_window_corner_a, co_window_paths_a,
          co_window_corner_a, co_window_paths_b, co_window_2corner,
          co_window_2corner, co_window_corner_b, co_window_unsneaky_path_c,
          co_window_4corner_a, co_window_4corner_b, glass_columns_c,
          glass_columns_c, glass_columns_a, serial_shops, shop, shop, shop,
          shop, elyvilon_altar_5
Temple:   compressed_dpeg_triangle_lava_temple
Lair:1:   layout_big_grid, grunt_megastairs_1
Lair:2:   layout_cave_pods, minmay_swamp_entry_swarm, grunt_megastairs_4
Lair:3:   layout_gridlike, guppyfry_snake_entry_garden, serial_bayou_shore_a
Lair:4:   layout_gridlike
Lair:5:   due_jungle_book, layout_loops_ring, slime_entry_2, worms_lemuel,
          uniq_rupert
Swamp:1:  layout_falls_marsh, evilmike_swamp_ruin_house_2,
          infiniplex_staircase_pool
Swamp:2:  layout_falls_marsh, ebering_ghost_funeral_grove,
          evilmike_swamp_ruin_house_3, swamp_pool4
Swamp:3:  layout_falls_marsh, nicolae_swamp_ascending_descending_big, uniq_aizul
Swamp:4:  swamp_alternative, layout_basic_swamp, nicolae_swamp_fairy_circle,
          swamp_pool2, nicolae_swamp_orc_logging_accident, grunt_witch_cave,
          uniq_mara, uniq_donald, uniq_bai_suzhen
Snake:1:  layout_misc_corridors, gammafunk_ghost_grave, lemuel_fruit_tree
Snake:2:  layout_layer_cave
Snake:3:  layout_onion, serial_shops, shop
Snake:4:  snake_pit_salamanders_mu, layout_misc_corridors, basic_altar,
          grunt_megastairs_2, uniq_kirke
Orc:1:    layout_caves, portal_ice_cave_rime, nooodl_orcs_dogs
Orc:2:    st_orc_mages, layout_diamond_mine
Vaults:1: mu_enter_wizlab_1, vaults_dpeg_spiral, nicolae_vaults_network_star,
          v_misc_26, nicolae_vaults_house_2, v_rooms_2, v_misc_33,
          nicolae_vaults_cornered_office, nicolae_vaults_network_square,
          vaults_room_door_ring, layout_vaults_omnicross, serial_shops,
          bzr_entry_water
WizLab:   wizlab_wucad

Skill      XL: |  1  2  3  4  5  6  7  8  9 10 11 12 13 14 15 16 17 18 |
---------------+-------------------------------------------------------+-----
Stealth        | 1 2 3 4 7 8 |  8.0
Maces & Flails | 3 4 5 8 10 14 16 20 | 20.0
Fighting       | 4 5 7 8 10 14 15 16 | 16.4
Shields        | 5 6 9 11 13 15 17 18 | 18.0
Throwing       | 1 2 4 6 |  6.3
Dodging        | 0 |  0.0
Evocations     | 4 7 8 9 10 | 10.7
Armour         | 5 6 7 9 11 12 14 | 14.4
Ranged Weapons | 3 4 |  4.0
Transmutations | 4 5 6 8 |  8.0
Spellcasting   | 2 4 |  4.0

Action                     |  1- 3 |  4- 6 |  7- 9 | 10-12 | 13-15 | 16-18 || total
---------------------------+-------+-------+-------+-------+-------+-------++-------
  Melee: Flail             |    61 |    83 |   507 |       |       |       ||   651
         Dire flail        |       |       |    72 |   991 |  1953 |   489 ||  3505
         Great mace        |       |       |       |       |       |   486 ||   486
   Fire: Sling             |       |    47 |   108 |   128 |    32 |       ||   315
         Shortbow          |       |       |       |       |   103 |    75 ||   178
  Throw: Dart              |       |     3 |    23 |    13 |    22 |       ||    61
         Throwing net      |       |       |     1 |     1 |       |       ||     2
         Boomerang         |       |       |       |    21 |    66 |   102 ||   189
         Javelin           |       |       |       |       |    18 |       ||    18
   Cast: Wereblood         |       |       |       |     3 |    43 |    48 ||    94
 Invoke: Sacrifice Experie |       |       |     1 |       |       |       ||     1
         Sacrifice Nimblen |       |       |     1 |       |       |       ||     1
         Draw Out Power    |       |       |       |     4 |     3 |       ||     7
         Sacrifice Arcana  |       |       |       |     1 |       |       ||     1
         Sacrifice Essence |       |       |       |     1 |       |       ||     1
         Apocalypse        |       |       |       |       |     5 |     7 ||    12
         Sacrifice Words   |       |       |       |       |     1 |       ||     1
         Sacrifice Courage |       |       |       |       |     1 |       ||     1
Ability: Dig               |       |       |     2 |     5 |     7 |     4 ||    18
         Shaft Self        |       |       |     1 |       |       |       ||     1
  Evoke: Wand              |       |       |     5 |    17 |    10 |    11 ||    43
    Use: Potion            |       |     1 |       |       |     2 |     2 ||     5
         Scroll            |       |       |     9 |     6 |    12 |     9 ||    36
   Stab: Sleeping          |     1 |     1 |     3 |       |     3 |     2 ||    10
         Distracted        |       |       |     1 |     3 |    14 |     6 ||    24
         Held in net/web   |       |       |       |     4 |       |       ||     4
         Invisible         |       |       |       |    10 |    10 |    14 ||    34
         Petrifying        |       |       |       |     2 |       |       ||     2
         Petrified         |       |       |       |     1 |       |       ||     1
         Paralysed         |       |       |       |       |     8 |    15 ||    23
 Armour: Scale mail        |     4 |       |       |       |       |       ||     4
         Ring mail         |    15 |    28 |   242 |   363 |   225 |       ||   873
         Chain mail        |       |       |       |       |   446 |   631 ||  1077
  Dodge: Dodged            |    29 |    30 |   310 |   373 |   364 |   273 ||  1379
  Block: Buckler           |    15 |    19 |   137 |   184 |    59 |       ||   414
         Kite shield       |       |       |       |       |   726 |   804 ||  1530

Table legend: (Time is in decaauts)
 A = Elapsed time spent in this place.
 B = Non-inter-level travel time spent in this place.
 C = Inter-level travel time spent in this place.
 D = Time resting spent in this place.
 E = Time spent auto-exploring this place.
 F = Levels seen in this place.
 G = Mean time per level.
                   A        B        C        D        E       F      G
               +--------+--------+--------+--------+--------+-----+--------+
         Total |  37115 |  34471 |   2644 |    354 |  23559 |  35 | 1060.4 |
       Dungeon |  16623 |  15662 |    961 |      7 |  11115 |  15 | 1108.2 |
        Temple |    300 |    279 |     21 |      0 |    258 |   1 |  300.0 |
          Lair |   7374 |   6838 |    536 |    194 |   4922 |   5 | 1474.8 |
         Swamp |   3504 |   3225 |    279 |      0 |   2111 |   4 |  876.0 |
     Snake Pit |   4822 |   4394 |    428 |      0 |   2991 |   4 | 1205.5 |
  Orcish Mines |   2772 |   2355 |    417 |     38 |   1439 |   2 | 1386.0 |
        Vaults |    316 |    316 |      0 |      0 |    116 |   1 |  316.0 |
        Bazaar |    259 |    259 |      0 |      0 |    138 |   1 |  259.0 |
      Ice Cave |    744 |    744 |      0 |    112 |    407 |   1 |  744.0 |
        Wizlab |    396 |    396 |      0 |      3 |     62 |   1 |  396.0 |
               +--------+--------+--------+--------+--------+-----+--------+

Top non-repeatable levels by time:
     D:9: 2119 daAuts
  Lair:2: 1772 daAuts
  Lair:1: 1755 daAuts
 Snake:4: 1575 daAuts
   Orc:2: 1574 daAuts
 Snake:2: 1533 daAuts
  Lair:3: 1474 daAuts
  Lair:4: 1391 daAuts
     D:8: 1362 daAuts
    D:13: 1328 daAuts
    D:15: 1269 daAuts
 Swamp:4: 1221 daAuts
     D:6: 1215 daAuts
   Orc:1: 1197 daAuts
     D:4: 1157 daAuts
